 Dungeon Crawl Stone Soup version 0.17.1-1-g73c8601 (webtiles) character file.

79 miszar the Ducker (level 4, 0/34 HPs)
             Began as a Demonspawn Gladiator on Dec 20, 2015.
             Was an Initiate of Makhleb.
             Succumbed to an adder's poison
             ... on level 2 of the Dungeon on Dec 22, 2015.
             The game lasted 00:28:33 (3068 turns).

miszar the Ducker (Demonspawn Gladiator)            Turns: 3068, Time: 00:28:33

Health: 0/34       AC: 11    Str: 12 (16) XL:     4   Next: 17%
Magic:  4/4        EV:  6    Int: 14      God:    Makhleb [......]
Gold:   158        SH:  0    Dex: 14      Spells: 0 memorised, 3 levels left

rFire  . . .     SeeInvis .       - Unarmed
rCold  . . .     Clarity  .     n - +0 chain mail
rNeg   . . .     SustAt   .     (no shield)
rPois  .         Gourm    .     b - +0 helmet
rElec  .         Spirit   +     (no cloak)
rCorr  .         Warding  .     (no gloves)
rMut   .         Stasis   .     (no boots)
MR     .....                    (no amulet)
Stlth  ..........               (no ring)
                                (no ring)

@: brilliant, lethally poisoned (0 -> -3), not resistant to hostile
enchantments, extremely unstealthy
A: thin metallic scales 1, magic shield, magic regeneration
a: Renounce Religion


You were on level 2 of the Dungeon.
You worshipped Makhleb.
Makhleb was noncommittal.
You were very full.

You visited 1 branch of the dungeon, and saw 2 of its levels.

You collected 158 gold pieces.

Inventory:

Missiles
 c - 3 throwing nets (quivered)
 h - 18 sling bullets of frost
 q - 14 arrows
Armour
 b - a +0 helmet (worn)
 i - an ice dragon hide
 n - a +0 chain mail (worn)
Scrolls
 a - 2 scrolls of remove curse
 g - a scroll of teleportation
 m - a scroll of identify
Potions
 f - a potion of magic


   Skills:
 + Level 2.6 Fighting
 + Level 1.8 Throwing
 + Level 0.8 Armour
 + Level 3.4 Dodging
 + Level 3.3 Unarmed Combat


You had 3 spell levels left.
You didn't know any spells.

Dungeon Overview and Level Annotations

Branches:
Dungeon (2/15)

Altars:
Ashenzari
Makhleb
Zin

Annotations:
D:2 Robin


Innate Abilities, Weirdness & Mutations

You are partially covered in thin metallic scales (AC +2).
When hurt, damage is shared between your health and your magic reserves.
You regenerate magic rapidly.


Message History

* * * LOW HITPOINT WARNING * * *
You feel sick.
You finish eating.
That bread ration really hit the spot!
Drink which item? (? for menu, Esc to quit)
Magic courses through your body.
* * * LOW HITPOINT WARNING * * *
You feel sick.
Drink which item? (? for menu, Esc to quit)
You feel clever all of a sudden.
* * * LOW HITPOINT WARNING * * *
You feel sick.
* * * LOW HITPOINT WARNING * * *
You feel sick.
* * * LOW HITPOINT WARNING * * *
You feel sick.
* * * LOW HITPOINT WARNING * * *
You feel sick.
* * * LOW HITPOINT WARNING * * *
You feel sick.
You die...

########## #....#
#............ #
#....# #.)........>.
#....# #............
#.)..# #......<.....
#....# #............
#....####...########
#......#.........#
####...#.........#
#@..#.........####
#...#.............
#...#.............
#...#.............
#...#...<>........
#...#..(..........
#...#.........###'
#...#.........# #.
#...#.........# #.


There were no monsters in sight!

Vanquished Creatures
  3 adders (D:2)
  An ooze (D:2)
  4 giant geckos
  A ball python (D:1)
  A giant cockroach (D:2)
  5 hobgoblins
  5 kobolds
  A quokka (D:2)
  7 bats
  4 giant newts
  6 goblins
  8 rats
46 creatures vanquished.

Notes
Turn   | Place    | Note
--------------------------------------------------------------
     0 | D:1      | miszar the Demonspawn Gladiator began the quest for the Orb.
     0 | D:1      | Reached XP level 1. HP: 16/16 MP: 1/1
   395 | D:1      | Reached skill level 3 in Dodging
   395 | D:1      | Gained mutation: When hurt, damage is shared between your health and your magic reserves. [demonic ancestry]
   395 | D:1      | Reached XP level 2. HP: 16/22 MP: 2/2
   596 | D:1      | Found a shattered altar of Ashenzari.
  1651 | D:2      | Gained mutation: You are partially covered in thin metallic scales (AC +2). [demonic ancestry]
  1651 | D:2      | Reached XP level 3. HP: 25/27 MP: 3/3
  2106 | D:2      | Gained mutation: You regenerate magic rapidly. [demonic ancestry]
  2106 | D:2      | Reached XP level 4. HP: 34/34 MP: 4/4
  2131 | D:2      | Found a glowing silver altar of Zin.
  2150 | D:2      | Found a burning altar of Makhleb.
  2153 | D:2      | Noticed a cacodemon
  2154 | D:2      | Noticed an angel
  2165 | D:2      | Became a worshipper of Makhleb the Destroyer
  2965 | D:2      | Noticed Robin
  3062 | D:2      | HP: 1/34 [poisoned by an adder]
  3068 | D:2      | Succumbed to an adder's poison

Action                   |  1- 3 |  4- 6 || total
-------------------------+-------+-------++-------
Melee: Unarmed           |   173 |    54 ||   227
  Use: Scroll            |     6 |     4 ||    10
       Potion            |     1 |     5 ||     6
  Eat: Chunk             |     3 |     3 ||     6
       Bread ration      |       |     2 ||     2
